 Dungeon Crawl Stone Soup version 0.30-a0-168-g0b976cbdc4 (webtiles) character file.

Game seed: 10438871986401453797

37 qw the Chopper (level 3, 0/23 HPs)
             Began as a Gargoyle Fighter on Sept 29, 2022.
             Slain by Pargi (2 damage)
             ... on level 3 of the Dungeon.
             The game lasted 00:00:40 (1912 turns).

qw the Chopper (Gargoyle Fighter)                   Turns: 1912, Time: 00:00:40

Health: 0/23       AC: 10    Str: 21    XL:     3   Next: 39%
Magic:  3/3        EV:  9    Int:  8    God:
Gold:   76         SH:  4    Dex:  9    Spells: 2/2 levels left

rFire   . . .      SeeInvis .    Y - +0 war axe
rCold   . . .      Faith    .    c - +0 buckler
rNeg    + + +      Spirit   .    b - +0 scale mail
rPois   inf        Reflect  .    (no helmet)
rElec   +          Harm     .    (no cloak)
rCorr   .          Rampage  .    (no gloves)
Will    +....                    (no boots)
Stlth   ..........               (no amulet)
HPRegen 0.07/turn                e - ring of Yngoz {rN++ Will+}
MPRegen 0.08/turn                (no ring)

@: about to teleport
A: sickness immunity, AC +3, negative energy resistance 1, electricity
resistance, torment resistance 1, petrification resistance
a: no special abilities


You were on level 3 of the Dungeon.
You visited 1 branch of the dungeon, and saw 3 of its levels.

You collected 76 gold pieces.


Innate Abilities, Weirdness & Mutations

You are immune to sickness and miasma.
Your stone body is resilient. (AC +3)
You are immune to poison.
You resist negative energy. (rN+)
You are resistant to electric shocks. (rElec)
You are resistant to unholy torment.
You are immune to petrification.


   Skills:
 - Level 3.2 Fighting
 + Level 3.3 Axes
 - Level 3.2 Armour
 - Level 3.2 Shields


You had 2 spell levels left.
You didn't know any spells.
Your spell library was empty.

Inventory:

Hand Weapons
 m - a +0 whip
 Y - a +0 war axe (weapon)
Armour
 b - a +0 scale mail (worn)
 c - a +0 buckler (worn)
Jewellery
 e - the ring of Yngoz (left hand) {rN++ Will+}
   (You acquired it on level 1 of the Dungeon)

   [ring of willpower]

   rN:        It greatly protects you from negative energy.
   Will:      It increases your willpower.
Scrolls
 a - a scroll of identify
Potions
 d - a potion of might
 f - a potion of haste
 g - a potion of flight {unknown}
 h - a potion of invisibility {unknown}
 j - a potion of degeneration {unknown}
 l - 2 potions of lignification

Dungeon Overview and Level Annotations

Branches:
Dungeon (3/15)

Altars:
Yredelemnul

Shops:
D:1 !

Annotations:
D:3 Pargi


Message History

Pargi is nearby!
Existing waypoints: (1) D:2 (2) D:1 Assign waypoint to what number? (0-9, D - delete waypoint) Waypoint 2 re-assigned from D:1 to D:3.
You closely miss Pargi. Pargi bites you. Pargi claws you but does no damage.
Pargi barely misses you.
You closely miss Pargi. Pargi bites you but does no damage.
Pargi claws you but does no damage. Pargi claws you.
You slash Pargi!
Pargi is moderately wounded.
Pargi completely misses you. Pargi barely misses you. Pargi claws you.
You barely miss Pargi.
Pargi is moderately wounded.
Pargi bites you but does no damage. Pargi claws you but does no damage. x2
You block Pargi's attack. Pargi claws you but does no damage. Pargi claws you.
You hit Pargi.
Pargi is heavily wounded.
Pargi bites you. Pargi closely misses you. Pargi claws you but does no damage.
You slash Pargi!
Pargi is severely wounded.
Pargi barely misses you. Pargi claws you but does no damage. x2
Pargi bites you but does no damage. Pargi claws you but does no damage. x2
You barely miss Pargi.
Pargi is severely wounded.
Pargi bites you but does no damage. Pargi claws you. Pargi barely misses you.
1910 ||| READING scroll of teleportation.
As you read the scroll of teleportation, it crumbles to dust.
You feel strangely unstable. Pargi bites you.
Pargi claws you but does no damage. You block Pargi's attack.
You hit Pargi.
Pargi is severely wounded.
Pargi barely misses you. Pargi claws you but does no damage.
Pargi closely misses you.
You completely miss Pargi.
Pargi is severely wounded.
Pargi bites you but does no damage. Pargi claws you. Pargi closely misses you.
Pargi bites you.
You die...

. #. #.
#. .. #
#.###.#
#T@..#
#.#####
.. ...
.8. ..
.


You could see Pargi.

Vanquished Creatures
  A worm (D:2)
  5 bats
  2 endoplasms (D:1)
  3 goblins
  3 hobgoblins
  A quokka (D:2)
  4 ball pythons
  2 frilled lizards
  6 kobolds
  3 rats
30 creatures vanquished.

Vanquished Creatures (others)
  A plant (D:1)
1 creature vanquished.

Grand Total: 31 creatures vanquished

Notes
Turn   | Place    | Note
-------+----------+-------------------------------------------
     0 | D:1      | qw the Gargoyle Fighter began the quest for the Orb.
     0 | D:1      | Reached XP level 1. HP: 14/14 MP: 1/1
     0 | D:1      | 0 ||| qw: Version: 0.2-a-12-gaebbb33
     0 | D:1      | 0 ||| qw: Game counter: 1150
     0 | D:1      | 0 ||| qw: Always use a shield: true
     0 | D:1      | 0 ||| qw: God list: Okawaru
     0 | D:1      | 0 ||| qw: Allow faded altars: false
     0 | D:1      | 0 ||| qw: Do Orc after D:15 true
     0 | D:1      | 0 ||| qw: Do second Lair branch before Depths: true
     0 | D:1      | 0 ||| qw: Lair rune preference: random
     0 | D:1      | 0 ||| qw: Plans: Normal, Zot:1-4, God:TSO, Crypt, Tomb,
                  | Pan, Slime:5, Hells, Abyss, Orb
     0 | D:1      | 0 ||| PLANNING D:1-11
   135 | D:1      | Found Kulier's Distillery.
   143 | D:1      | 143 ||| SHOPLISTING 2 potions of mutation (176 gold, have
                  | 8).
   143 | D:1      | 143 ||| SHOPLISTING potion of curing (33 gold, have 8).
   143 | D:1      | 143 ||| SHOPLISTING potion of haste (110 gold, have 8).
   143 | D:1      | 143 ||| SHOPLISTING potion of heal wounds (55 gold, have
                  | 8).
   143 | D:1      | 143 ||| SHOPLISTING potion of might (44 gold, have 8).
   232 | D:1      | 232 ||| Stepping ~*~*~tactically~*~*~ (stealth).
   233 | D:1      | 233 ||| Stepping ~*~*~tactically~*~*~ (stealth).
   291 | D:1      | 291 ||| Stepping ~*~*~tactically~*~*~ (stealth).
   296 | D:1      | 296 ||| Stepping ~*~*~tactically~*~*~ (stealth).
   453 | D:1      | 453 ||| Stepping ~*~*~tactically~*~*~ (stealth).
   582 | D:1      | Reached XP level 2. HP: 14/19 MP: 2/2
   728 | D:1      | 728 ||| Stepping ~*~*~tactically~*~*~ (stealth).
   730 | D:1      | 730 ||| Stepping ~*~*~tactically~*~*~ (stealth).
   731 | D:1      | 731 ||| Stepping ~*~*~tactically~*~*~ (stealth).
   764 | D:1      | Found a faded altar of an unknown god.
   779 | D:1      | 779 ||| DROPPING +0 club.
   950 | D:1      | 950 ||| READING 3 scrolls labelled FUNUNL WAISS.
   951 | D:1      | 951 ||| READING scroll labelled TADA TEABYTUEST.
   951 | D:1      | Identified a scroll of acquirement
   951 | D:1      | 951 ||| ACQUIRING ring of Yngoz {rN++ Will+}
   951 | D:1      | Acquired the ring of Yngoz {rN++ Will+}
   953 | D:1      | 953 ||| UPGRADING to ring of Yngoz {rN++ Will+}.
   954 | D:1      | 954 ||| READING scroll labelled NUCUPR QUGO.
   958 | D:1      | 958 ||| READING 2 scrolls of identify.
   958 | D:1      | 958 ||| IDENTIFYING green potion
   982 | D:2      | Found a basalt altar of Yredelemnul.
  1002 | D:2      | 1002 ||| Stepping ~*~*~tactically~*~*~ (stealth).
  1103 | D:2      | 1103 ||| Stepping ~*~*~tactically~*~*~ (stealth).
  1112 | D:2      | Reached skill level 3 in Axes
  1143 | D:2      | 1143 ||| Stepping ~*~*~tactically~*~*~ (stealth).
  1150 | D:2      | Reached XP level 3. HP: 23/23 MP: 3/3
  1846 | D:2      | 1846 ||| READING scroll labelled YTUWKO MIENITU.
  1847 | D:2      | 1847 ||| READING scroll labelled DASEUT UJUCUI.
  1848 | D:2      | 1848 ||| DRINKING 3 sedimented purple potions.
  1898 | D:3      | Noticed Pargi
  1909 | D:3      | HP: 5/23 [Pargi (3)]
  1910 | D:3      | 1910 ||| READING scroll of teleportation.
  1910 | D:3      | HP: 2/23 [Pargi (3)]
  1912 | D:3      | Slain by Pargi

Levels and vault maps discovered:
D:1:      onia_arrival_mini_spirals, layout_rooms,
          hellmonk_ecumenical_altar_run_dry, serial_shops, shop_statue,
          serial_forest, infiniplex_forest_clump_curved,
          infiniplex_forest_lined_1, infiniplex_forest_side_room,
          infiniplex_forest_lined_3, infiniplex_forest_straight_1,
          infiniplex_forest_straight_5, infiniplex_forest_end_2,
          infiniplex_forest_straight_2, infiniplex_forest_diagonal,
          minmay_split_cup_small
D:2:      layout_basic, basic_altar
D:3:      minmay_bubble_buster, layout_loops_ring, hangedman_ru_absence,
          nicolae_overflow_ecumenical_swirl, nicolae_uskayaw_en_pointe,
          minmay_lizard_king, uniq_pargi

Skill      XL: |  1  2 |
---------------+-------+-----
Axes           | 2 3 |  3.3
Fighting       | |  3.2
Armour         | |  3.2
Shields        | |  3.2

Action                   || total
-------------------------++-------
Melee: War axe           ||   124
  Use: Scroll            ||     7
       Potion            ||     1
Armor: Scale mail        ||    74
Dodge: Dodged            ||    69
Block: Buckler           ||    21

Table legend:
 A = Non-vault XP
 B = Vault XP
 C = Vault XP percentage of total XP
 D = Non-vault monster count
 E = Vault monster count
 F = Vault count percentage of total count
                 A         B        C        D         E       F
            +---------+---------+-------+---------+---------+-------
      Total |      47 |       6 |  11.3 |      27 |       3 |  10.0
            +---------+---------+-------+---------+---------+-------
        D:1 |      16 |       6 |  27.3 |      10 |       3 |  23.1
        D:2 |      31 |       0 |   0.0 |      17 |       0 |   0.0
            +---------+---------+-------+---------+---------+-------
